 Dungeon Crawl Stone Soup version 0.22-a0-271-gc000056a37 (webtiles) character file.

60 Peterchen the Cudgeler (level 4, -2/39 HPs)
             Began as a Hill Orc Monk on Mar 10, 2018.
             Shot with an arrow by a centaur (3 damage)
             ... on level 3 of the Dungeon.
             The game lasted 00:04:24 (2701 turns).

Peterchen the Cudgeler (Hill Orc Monk)              Turns: 2701, Time: 00:04:25

Health: -2/39      AC:  6    Str: 13    XL:     4   Next: 4%
Magic:  4/4        EV: 11    Int: 10    God:
Gold:   84         SH:  0    Dex: 14    Spells: 3/3 levels left

rFire    . . .     SeeInvis .   a - +0 mace
rCold    . . .     Gourm    .   (no shield)
rNeg     . . .     Faith    .   l - +0 ring mail
rPois    .         Spirit   .   (no helmet)
rElec    .         Reflect  .   (no cloak)
rCorr    +         Harm     .   (no gloves)
MR       .....                  d - +0 pair of boots
Stlth    +.........             (no amulet)
HPRegen  0.13/turn              g - ring of resist corrosion
MPRegen  0.09/turn              (no ring)

@: no status effects
A: no striking features
a: no special abilities


You were on level 3 of the Dungeon.
You were not hungry.

You visited 1 branch of the dungeon, and saw 3 of its levels.

You collected 84 gold pieces.

Inventory:

Hand Weapons
 a - a +0 mace (weapon)
Armour
 b - a +0 robe
 d - a +0 pair of boots (worn)
 l - a +0 ring mail (worn)
Jewellery
 g - a ring of resist corrosion (left hand)
Wands
 m - a wand of iceblast (9)
Scrolls
 e - a scroll of teleportation
 j - a scroll of enchant armour
 k - a scroll of remove curse {unknown}
Potions
 f - 2 potions of degeneration {unknown}
 h - 2 potions of magic {unknown}
 i - a potion of mutation {unknown}
 n - a potion of curing {unknown}
Comestibles
 c - 6 rations
 o - 3 chunks of flesh


   Skills:
 - Level 3.6 Fighting
 * Level 5.3 Maces & Flails
 - Level 2.4 Dodging
 - Level 1.5 Stealth


You had 3 spell levels left.
You didn't know any spells.

Dungeon Overview and Level Annotations

Branches:
Dungeon (3/15)

Altars:

Annotations:
D:2 Sigmund


Message History

You see here 2 arrows.
The centaur shoots an arrow.
The arrow hits you.
You see here an arrow.
A centaur opens the door.
The centaur shoots an arrow.
The arrow hits you!
* * * LOW HITPOINT WARNING * * *
You see here a dagger.
The centaur shoots an arrow.
The arrow barely misses you.
There is a stone staircase leading up here.
The centaur shoots an arrow.
The arrow barely misses you.
You climb upwards.
Level annotation: Sigmund
There is a stone staircase leading down here.
You start resting.
Sigmund zaps a wand.
The puff of flame hits you!
* * * LOW HITPOINT WARNING * * *
You climb downwards.
A hobgoblin comes into view. It is wielding a club.
The hobgoblin shouts!
You hear an angry hiss.
The centaur shoots an arrow.
The arrow hits you.
You die...

#.# #.# #.######.#
# #....(.#.#
.#.#..###.#.#####
.....#.(.......# #
#..#.#(#)#...#
#.#..()#.#.###.#
#.....@#.......#
######'#...#####...
##..gc...........
......(.######.#.
......(.c....c.#
........)..##..#
####.........#
+.......#.#
#.......#.#


You could see a centaur and a hobgoblin.

Vanquished Creatures
  2 adders (D:2)
  An ooze (D:3)
  2 worms (D:2)
  2 leopard geckos
  A giant cockroach (D:2)
  6 goblins
  2 hobgoblins
  A kobold (D:1)
  2 ball pythons
  2 bats
  3 frilled lizards (D:1)
  8 rats
32 creatures vanquished.

Vanquished Creatures (others)
  A frilled lizard (D:3)
1 creature vanquished.

Grand Total: 33 creatures vanquished

Notes
Turn   | Place    | Note
-------+----------+-------------------------------------------
     0 | D:1      | Peterchen the Hill Orc Monk began the quest for the Orb.
     0 | D:1      | Reached XP level 1. HP: 19/19 MP: 1/1
   617 | D:1      | Reached XP level 2. HP: 26/26 MP: 2/2
   637 | D:1      | Reached skill level 4 in Maces & Flails
  1371 | D:2      | Reached XP level 3. HP: 30/31 MP: 3/3
  1620 | D:2      | Noticed Sigmund
  1710 | D:2      | Found a faded altar of an unknown god.
  2268 | D:2      | Reached skill level 5 in Maces & Flails
  2675 | D:3      | Reached XP level 4. HP: 29/39 MP: 4/4
  2684 | D:3      | Noticed a centaur
  2700 | D:2      | HP: 1/39 [Sigmund/wand of flame (30) (5)]
  2701 | D:3      | Shot with an arrow by a centaur

Vault maps used:
D:1:      shiori_shiawase
D:2:      lemuel_blue_sif_altar, gammafunk_temple_overflow_pools,
          chequers_ecumenical_altar_island, uniq_sigmund
D:3:      elyvilon_altar_4

Skill      XL: |  1  2  3 |
---------------+----------+-----
Maces & Flails | 4 5 |  5.3
Fighting       | |  3.6
Dodging        | |  2.4
Stealth        | |  1.5

Action                   |  1- 3 |  4- 6 || total
-------------------------+-------+-------++-------
Melee: Mace              |   103 |     2 ||   105
  Use: Scroll            |     2 |       ||     2
 Stab: Sleeping          |     7 |       ||     7
  Eat: Chunk             |     5 |     1 ||     6
Armor: Robe              |    10 |       ||    10
       Ring mail         |     1 |       ||     1
Dodge: Dodged            |    62 |     6 ||    68

Table legend:
 A = Spawn XP
 B = Non-spawn XP
 C = Spawn XP percentage of total XP
 D = Spawn monster count
 E = Non-spawn monster count
 F = Spawn count percentage of total count
 G = Total turns spent on level
                    A         B        C        D         E        F      G
               +---------+---------+-------+---------+---------+-------+---------
         Total |       0 |      86 |   0.0 |       0 |      32 |   0.0 |  2701
               +---------+---------+-------+---------+---------+-------+---------
           D:1 |       0 |      23 |   0.0 |       0 |      16 |   0.0 |  1170
           D:2 |       0 |      50 |   0.0 |       0 |      12 |   0.0 |  1268
           D:3 |       0 |      13 |   0.0 |       0 |       4 |   0.0 |   263
               +---------+---------+-------+---------+---------+-------+---------
